 Dungeon Crawl Stone Soup version 0.30.0-29-ga12c61a403 (webtiles) character file.

Game seed: 5729058365014970316

375 Bucu the Poker (level 6, -9/84 HPs)
             Began as a Minotaur Berserker on June 22, 2023.
             Was a Priest of Trog.
             Mangled by Menkaure (11 damage)
             ... on level 4 of the Dungeon.
             The game lasted 00:11:47 (1764 turns).

Bucu the Poker (Minotaur Berserker)                 Turns: 1764, Time: 00:11:48

Health: -9/84      AC: 23    Str: 22    XL:     6   Next: 44%
Magic:  5/5        EV:  2    Int:  3    God:    Trog [***...]
Gold:   64         SH:  0    Dex: 14    Spells: 5/5 levels left

rFire   . . .        a - +1 spear
rCold   . . .        (no shield)
rNeg    . . .        c - melded +1 plate armour
rPois   +            (helmet currently unavailable)
rElec   .            (cloak currently unavailable)
rCorr   .            k - melded +0 pair of gloves
SInv    .            (boots currently unavailable)
Will    .....        (no amulet)
Stlth   +            (no ring)
HPRegen 0.34/turn    (no ring)
MPRegen 0.09/turn

%: no passive effects
@: tree-form (expiring)
A: stationary, stasis, torment immunity, boosted hp, (horns 2), (retaliatory
headbutt), (hooves 1), agile 1, (fire resistance 1), (shaggy fur 1)
a: Renounce Religion, Berserk, Trog's Hand


You were on level 4 of the Dungeon.
You worshipped Trog.
Trog was most pleased with you.
You were a tree.
You visited 1 branch of the dungeon, and saw 4 of its levels.

You collected 64 gold pieces.

Inventory:

Hand Weapons
 a - a +1 spear (weapon)
 d - a +0 long sword
 n - a +0 scythe
Missiles
 f - 4 boomerangs (quivered)
 h - 25 stones
Armour
 b - a +0 animal skin
 c - a +1 plate armour (melded)
 k - a +0 pair of gloves (melded)
Jewellery
 g - a ring of magical power
Wands
 m - a wand of roots (4)
Potions
 e - a potion of degeneration
 i - 2 potions of cancellation {unknown}
 j - a potion of resistance {unknown}
 l - 2 potions of heal wounds {unknown}


   Skills:
 + Level 5.5 Fighting
 + Level 6.3 Polearms
 + Level 4.6 Armour
 + Level 2.4 Dodging
 + Level 0.1 Stealth


You had 5 spell levels left.
You didn't know any spells.
Your spell library contained the following spells:

 Spells                   Type           Power      Damage    Failure   Level
 Slow                     Hex            0%         N/A       52%         1
 Lesser Beckoning         Tloc           0%         N/A       67%         2
 Call Canine Familiar     Summ           0%         N/A       88%         3
 Confusing Touch          Hex            0%         N/A       88%         3
 Gell's Gravitas          Tloc           0%         N/A       88%         3
 Portal Projectile        Hex/Tloc       0%         N/A       88%         3
 Teleport Other           Tloc           0%         N/A       88%         3
 Vampiric Draining        Necr           0%         2d6       88%         3
 Leda's Liquefaction      Hex/Erth       0%         N/A       99%         4


Dungeon Overview and Level Annotations

Branches:
Dungeon (4/15)
 Temple: D:4-7

Altars:

Annotations:
D:4 Grinder, Menkaure


Innate Abilities, Weirdness & Mutations

You are a tree.
Your roots penetrate the ground, keeping you stationary.
You cannot be teleported.
You are immune to unholy pain and torment.
Your maximum health is greatly increased.
Your equipment is partially melded.
((You have a pair of horns on your head.))
((You reflexively headbutt those who attack you in melee.))
((You have large cloven feet.))
You are agile. (Dex +4, Str/Int -1)
((Your flesh is heat resistant. (rF+)))
((You are covered in fur. (AC +1)))


Message History

The gnoll hits you but does no damage. The gnoll completely misses you.
Grinder hits you but does no damage.
You hit the gnoll.
The gnoll is almost dead.
Menkaure hits you but does no damage. The gnoll hits you but does no damage.
The gnoll completely misses you. Grinder hits you but does no damage.
The gnoll hits you but does no damage.
You hit the gnoll.
You kill the gnoll!
Trog accepts your kill. Menkaure hits you.
* * * LOW HITPOINT WARNING * * *
The gnoll hits you but does no damage. The gnoll hits you with a +0 club.
* * * LOW HITPOINT WARNING * * *
The orc throws a silver boomerang.
The silver boomerang hits you but does no damage.
The silver sears you!
* * * LOW HITPOINT WARNING * * *
Grinder hits you but does no damage.
You hit Menkaure.
Menkaure is heavily damaged.
Menkaure hits you!
* * * LOW HITPOINT WARNING * * *
The gnoll hits you but does no damage. x2; Grinder blinks!
You hit Menkaure.
Menkaure is heavily damaged.
Menkaure hits you.
* * * LOW HITPOINT WARNING * * *
You hit Menkaure but do no damage.
Menkaure is heavily damaged.
The gnoll hits you with a +0 club.
* * * LOW HITPOINT WARNING * * *
The orc hits you but does no damage. The gnoll hits you but does no damage.
Menkaure breathes soot at you. Menkaure hits you.
* * * LOW HITPOINT WARNING * * *
You puncture Menkaure!
Menkaure is almost destroyed.
The orc hits you but does no damage. x2; Menkaure hits you!
You die...

.........#....
..............
.$...........
#...........
#..........
...........
........g)# ..
#..5...M♣#
..##......oo####
....:.....go..#..#
.................o#
..##.#
##.......8..!8...
...#.#
#................
.....#
###......8.8.8...
#....#
###..............
....#
#..........8.....


You could see Grinder, Menkaure (fast), 2 gnolls and 3 orcs.

Vanquished Creatures
  Sigmund (D:3)
  A scorpion (D:3)
  Natasha (thrice) (D:2)
  Robin (D:2)
  A gnoll (D:4)
  2 worms
  2 dart slugs
  4 orcs
  4 bats
  An endoplasm (D:2)
  4 giant cockroaches
  11 goblins
  6 hobgoblins
  6 quokkas
  4 ball pythons
  4 frilled lizards
  7 rats
62 creatures vanquished.

Notes
Turn   | Place    | Note
-------+----------+-------------------------------------------
     0 | D:1      | Bucu the Minotaur Berserker began the quest for the Orb.
     0 | D:1      | Reached XP level 1. HP: 19/19 MP: 0/0
   117 | D:1      | Reached XP level 2. HP: 24/27 MP: 1/1
   135 | D:1      | Reached skill level 4 in Polearms
   421 | D:1      | Reached ** piety under Trog
   493 | D:2      | Noticed Natasha
   504 | D:2      | HP: 1/27 [Natasha (3)]
   507 | D:2      | Killed Natasha
   508 | D:2      | Reached XP level 3. HP: 3/34 MP: 2/2
   508 | D:2      | Gained mutation: You have large cloven feet. [potion of
                  | mutation]
   508 | D:2      | Gained mutation: You are agile. (Dex +4, Str/Int -1)
                  | [potion of mutation]
   508 | D:2      | Gained mutation: Your flesh is heat resistant. (rF+)
                  | [potion of mutation]
   508 | D:2      | Gained mutation: You are covered in fur. (AC +1) [potion of
                  | mutation]
   655 | D:2      | Noticed Natasha
   664 | D:2      | Killed Natasha
   665 | D:2      | Reached XP level 4. HP: 41/41 MP: 3/3
   855 | D:2      | Noticed Robin
   865 | D:2      | Noticed Natasha
   875 | D:2      | Killed Natasha
   876 | D:2      | Reached skill level 5 in Polearms
   884 | D:2      | Killed Robin
  1062 | D:3      | Noticed Sigmund
  1097 | D:3      | Killed Sigmund
  1098 | D:3      | Reached skill level 5 in Fighting
  1098 | D:3      | Reached XP level 5. HP: 31/48 MP: 4/4
  1098 | D:3      | Reached XP level 6. HP: 37/56 MP: 5/5
  1283 | D:3      | Reached skill level 6 in Polearms
  1695 | D:3      | Reached *** piety under Trog
  1714 | D:4      | Noticed Grinder
  1724 | D:4      | Noticed Menkaure
  1725 | D:4      | Paralysed by Grinder for 2 turns
  1763 | D:4      | HP: 1/84 [Menkaure (4)]
  1764 | D:4      | Mangled by Menkaure

Illustrated notes

Levels and vault maps discovered:
D:1:      heliophobic_arrival_enchanted_forest, layout_loops_ring
D:2:      layout_basic, uniq_robin, uniq_natasha
D:3:      layout_basic, kennysheep_generic_room_14, uniq_sigmund
D:4:      layout_cave_pools, minmay_temple_entry_mist, serial_column_ruins,
          column_ruins_open_tiny, column_ruins_grid_3,
          column_ruins_corridor_dead_end, column_ruins_corridor_corner,
          kennysheep_potato, uniq_menkaure, uniq_blork_the_orc, uniq_grinder

Skill      XL: |  1  2  3  4  5  6 |
---------------+-------------------+-----
Fighting       | 4 5 |  5.5
Polearms       | 4 5 6 |  6.3
Armour         | 3 4 |  4.6
Dodging        | |  2.4
Stealth        | |  0.1

Action                     |  1- 3 |  4- 6 || total
---------------------------+-------+-------++-------
  Melee: Spear             |    82 |   119 ||   201
         Headbutt          |     9 |    13 ||    22
         Kick              |       |    16 ||    16
         Punch             |       |     1 ||     1
         Unarmed           |       |     1 ||     1
    Use: Scroll            |     3 |     4 ||     7
         Potion            |     1 |       ||     1
 Armour: Plate armour      |    47 |    57 ||   104
         Skin              |       |    57 ||    57
  Dodge: Dodged            |    24 |    40 ||    64
